 Dungeon Crawl Stone Soup version 0.20-a0-618-gbb8d3ca (webtiles) character file.

74 Nvm9 the Covered (level 4, -11/35 HPs)
             Began as a Demonspawn Fighter on Feb 9, 2017.
             Killed from afar by a white imp (15 damage)
             ... with a puff of frost
             ... summoned by Natasha
             ... on level 3 of the Dungeon.
             The game lasted 00:02:30 (2075 turns).

Nvm9 the Covered (Demonspawn Fighter)               Turns: 2075, Time: 00:02:30

Health: -11/35     AC:  6    Str: 22    XL:     4   Next: 10%
Magic:  4/4        EV:  7    Int:  9    God:
Gold:   117        SH: 14    Dex: 13    Spells: 3/3 levels left

rFire    . . .     SeeInvis .   a - +0 war axe
rCold    . . .     Gourm    .   b - +0 scale mail
rNeg     . . .     Faith    .   c - +0 shield
rPois    .         Spirit   .   (no helmet)
rElec    .         Reflect  +   (no cloak)
rCorr    .         Harm     .   (no gloves)
MR       .....                  (no boots)
Stlth    ..........             k - +5 amulet of reflection
Regen    0.2/turn               (no ring)
                                (no ring)

@: mighty
A: powered by death 1
a: no special abilities


You were on level 3 of the Dungeon.
You were hungry.

You visited 1 branch of the dungeon, and saw 3 of its levels.

You collected 117 gold pieces.

Inventory:

Hand Weapons
 a - a +0 war axe (weapon)
Armour
 b - a +0 scale mail (worn)
 c - a +0 shield (worn)
Jewellery
 k - a +5 amulet of reflection (around neck)
Wands
 g - a wand of random effects (22/48)
Scrolls
 i - 3 scrolls of teleportation {unknown}
 j - 2 scrolls of identify
 m - a scroll of enchant armour {unknown}
 n - a scroll of remove curse
Potions
 d - a potion of might
 e - a potion of brilliance
 l - a potion of cure mutation {unknown}
Comestibles
 f - 3 bread rations
 h - a royal jelly


   Skills:
 + Level 3.3 Fighting
 + Level 2.2 Axes
 * Level 3.6 Armour
 + Level 3.1 Shields


You had 3 spell levels left.
You didn't know any spells.

Dungeon Overview and Level Annotations

Branches:
Dungeon (3/15)

Altars:
Elyvilon
Xom
The Shining One

Annotations:
D:3 Natasha


Innate Abilities, Weirdness & Mutations

You regenerate a little health from kills.


Message History

The puff of frost reflects off an invisible shield around you!
The puff of frost misses the white imp.
Natasha claws you but does no damage.
Unknown command.
You miss Natasha.
Natasha is moderately wounded.
You closely miss the crimson imp. You slash the white imp!
You feel yourself speed up.
The crimson imp blinks!
The white imp barely misses you. You block Natasha's attack.
The white imp barely misses you. Natasha barely misses you.
Unknown command.
You closely miss Natasha.
Natasha is moderately wounded.
You completely miss the white imp.
The crimson imp sputters.
The crimson imp blinks!
You block the white imp's attack. You block Natasha's attack.
The white imp gestures at you. The puff of frost hits you!
You die...

#.##.# #
######.##.##.#
#............#
#.#######.####
#.######.#
#.........
#######'########
#≈≈≈≈≈≈.≈≈≈≈≈≈#
#≈≈§≈h@...≈≈≈≈#
#≈≈≈.5.....≈≈≈#
#≈5....♣....≈≈#
#≈...♣♣.♣♣...≈#
#≈... (. ...≈#
.'...♣ ♣%.♣...'
###≈.% .♣. .≈
#≈.. ♣♣..


You could see Natasha, a crimson imp and a white imp.

Vanquished Creatures
  Natasha (D:3)
  An ooze (D:2)
  2 worms (D:2)
  A dart slug (D:1)
  6 bats (D:1)
  3 giant cockroaches
  4 goblins (D:1)
  7 hobgoblins
  5 kobolds
  2 quokkas
  A frilled lizard (D:1)
  4 rats
37 creatures vanquished.

Vanquished Creatures (others)
  An orc (D:3)
  A butterfly (D:3)
2 creatures vanquished.

Grand Total: 39 creatures vanquished

Notes
Turn   | Place    | Note
-------+----------+-------------------------------------------
     0 | D:1      | Nvm9 the Demonspawn Fighter began the quest for the Orb.
     0 | D:1      | Reached XP level 1. HP: 18/18 MP: 1/1
   111 | D:1      | Gained mutation: You regenerate a little health from kills. [demonic ancestry]
   111 | D:1      | Reached XP level 2. HP: 22/24 MP: 2/2
   743 | D:2      | Found a glowing golden altar of the Shining One.
   885 | D:2      | Reached XP level 3. HP: 3/29 MP: 3/3
  1705 | D:3      | Noticed Natasha
  1713 | D:3      | Killed Natasha
  1713 | D:3      | Reached XP level 4. HP: 24/35 MP: 4/4
  1874 | D:3      | Found a white marble altar of Elyvilon.
  1988 | D:3      | Found a shimmering altar of Xom.
  2058 | D:3      | Noticed Natasha
  2075 | D:3      | Killed from afar by a white imp

Vault maps used:
D:1:      dpeg_arrival_round_c
D:2:      first_bread, tso_altar
D:3:      xom_butterflies, grunt_dithmenos_smoke, elyvilon_altar_4,
          kennysheep_generic_room_2, uniq_grinder, uniq_crazy_yiuf_cottage,
          uniq_natasha

Skill      XL: |  1  2 |
---------------+-------+-----
Armour         | 3 |  3.6
Axes           | 2 |  2.2
Shields        | 3 |  3.1
Fighting       | |  3.3

Action                   |  1- 3 |  4- 6 || total
-------------------------+-------+-------++-------
Melee: War axe           |   100 |    21 ||   121
  Use: Potion            |     3 |     1 ||     4
       Scroll            |     3 |       ||     3
  Eat: Chunk             |     2 |     1 ||     3
Armor: Scale mail        |    35 |    15 ||    50
Dodge: Dodged            |    25 |     8 ||    33
Block: Shield            |    59 |    22 ||    81
       Reflection        |       |     2 ||     2
